 Dungeon Crawl Stone Soup version 0.31-a0-963-ga325b2283a (webtiles) character file.

Game seed: 333584714249295862

230033 theanonym the Severer (level 20, -11/158 HPs)
             Began as a Formicid Fighter on Oct 25, 2023.
             Was the Champion of Hepliaklqana.
             Killed by divine providence
             ... invoked by a deep elf high priest
              (15 damage)
             ... on level 3 of the Elven Halls on Oct 26, 2023.
             The game lasted 01:30:24 (36558 turns).

theanonym the Severer (Formicid Fighter)           Turns: 36558, Time: 01:30:25

Health: -11/158    AC: 40    Str: 32    XL:     20   Next: 24%
Magic:  29/29      EV:  7    Int: 19    God:    Hepliaklqana [******]
Gold:   91         SH: 27    Dex: 13    Spells: 17/19 levels left

rFire   + . .        a - +2 battleaxe (elec)
rCold   + + .        R - +1 tower shield {AC+3}
rNeg    + . .        x - +6 gold dragon scales
rPois   +            (helmet unavailable)
rElec   +            G - +1 cloak {Will+} {Will+}
rCorr   .            z - +2 pair of gloves
SInv    +            k - +0 pair of boots
Will    ++++.        B - amulet "Eddacige" {Reflect rC+ Will+ SH+5 Stlth+} Stlth
                     c - ring "Kuced" {Str+6 Int+4}
HPRegen 0.46/turn    t - ring of Understanding {rElec rN+ MP+9 Int+3 Slay-3}
MPRegen 0.21/turn

%: reflection
@: mighty, studying Shields, invisible
A: reduced essence, permanent stasis, dig shafts and tunnels, antennae 3, four
strong arms
}: 1/15 runes: serpentine
a: Dig, Shaft Self, Renounce Religion, Recall Ancestor, Ancestor Identity,
Transference, Idealise


Innate Abilities, Weirdness & Mutations

Your life essence is reduced to manifest your ancestor. (-10% HP)
You cannot be hasted, slowed, berserked, paralysed or teleported.
You can dig through walls and to a lower floor.
You have a pair of large antennae on your head. (SInv)
Your four strong arms can wield two-handed weapons with a shield.


   Skills:
 + Level 19.9 Fighting
 - Level 20.0 Axes
 + Level 19.2 Armour
 + Level 19.4 Shields


You had 17 spell levels left.
You knew the following spells:

 Your Spells              Type           Power      Damage    Failure   Level
e - Lesser Beckoning      Tloc           0%         N/A       99%         2

Your spell library contained the following spells:

 Spells                   Type           Power      Damage    Failure   Level
 Freeze                   Ice            0%         1d3       96%         1
 Shock                    Conj/Air       0%         1d3       96%         1
 Slow                     Hex            0%         N/A       96%         1
 Summon Small Mammal      Summ           0%         N/A       96%         1
 Call Imp                 Summ           0%         N/A       99%         2
 Ensorcelled Hibernation  Hex/Ice        0%         N/A       99%         2
 Jinxbite                 Hex            0%         N/A       99%         2
 Call Canine Familiar     Summ           0%         N/A       100%        3
 Confusing Touch          Hex            0%         N/A       100%        3
 Gell's Gravitas          Tloc           0%         N/A       100%        3
 Inner Flame              Hex/Fire       0%         N/A       100%        3
 Sigil of Binding         Hex            0%         N/A       100%        3
 Stone Arrow              Conj/Erth      0%         3d7       100%        3
 Summon Guardian Golem    Hex/Summ       0%         N/A       100%        3
 Teleport Other           Tloc           0%         N/A       100%        3
 Vampiric Draining        Necr           0%         2d6       100%        3
 Volatile Blastmotes      Fire/Tloc      0%         2d10      100%        3
 Airstrike                Air            0%         2d(0-16)  100%        4
 Anguish                  Hex/Necr       0%         N/A       100%        4
 Animate Armour           Summ/Erth      0%         N/A       100%        4
 Brom's Barrelling Bould  Conj/Erth      0%         2d3       100%        4
 Dimensional Bullseye     Hex/Tloc       0%         N/A       100%        4
 Flame Wave               Conj/Fire      0%         2d4       100%        4
 Leda's Liquefaction      Hex/Erth       0%         N/A       100%        4
 Manifold Assault         Tloc           0%         N/A       100%        4
 Sticky Flame             Conj/Fire      0%         2d3       100%        4
 Fireball                 Conj/Fire      0%         3d3       100%        5
 Iskenderun's Battlesphe  Conj           0%         2d6       100%        5
 Lee's Rapid Deconstruct  Erth           0%         3d4*      100%        5
 Bombard                  Conj/Erth      0%         9d1       100%        6
 Conjure Ball Lightning   Conj/Air       0%         3x3d6     100%        6
 Dispersal                Tloc           0%         N/A       100%        6
 Starburst                Conj/Fire      0%         6d3       100%        6
 Haunt                    Necr/Summ      0%         N/A       100%        7
 Monstrous Menagerie      Summ           0%         N/A       100%        7
 Orb of Destruction       Conj           0%         9d5       100%        7
 Lehudib's Crystal Spear  Conj/Erth      0%         10d2      100%        8
 Blink                    Tloc           Unusable   N/A       N/A         2
 Swiftness                Air            Unusable   N/A       N/A         3

Skill      XL: |  1  2  3  4  5  6  7  8  9 10 11 12 13 14 15 16 17 18 19 20 |
---------------+-------------------------------------------------------------+-----
Axes           | 3 4 5 6 8 9 11 13 14 16 17 18 19 20 | 20.0
Fighting       | 4 5 6 7 8 9 10 12 13 14 15 17 18 19 | 19.9
Armour         | 5 6 8 9 10 12 13 14 15 16 17 19 | 19.2
Shields        | 5 6 9 11 13 16 18 19 | 19.4

Action                     |  1- 3 |  4- 6 |  7- 9 | 10-12 | 13-15 | 16-18 | 19-21 || total
---------------------------+-------+-------+-------+-------+-------+-------+-------++-------
  Melee: War axe           |   171 |   114 |   137 |       |       |       |       ||   422
         Battleaxe         |       |       |   113 |   468 |   690 |   995 |   379 ||  2645
         Dire flail        |       |       |       |       |    17 |     4 |       ||    21
 Invoke: Ancestor Identity |       |       |     1 |       |       |       |       ||     1
         Recall Ancestor   |       |       |     1 |     3 |       |     2 |     2 ||     8
         Ancestor Life: He |       |       |     1 |       |       |       |       ||     1
Ability: Dig               |       |       |       |     1 |       |       |     2 ||     3
         Shaft Self        |       |       |       |       |       |       |     1 ||     1
  Evoke: Wand              |       |       |       |     5 |     1 |       |       ||     6
         Condenser vane    |       |       |       |       |     1 |       |     1 ||     2
    Use: Scroll            |       |       |     9 |    10 |    16 |     4 |     2 ||    41
         Potion            |       |       |     2 |       |     4 |     4 |     4 ||    14
   Stab: Confused          |       |       |     1 |    10 |    23 |    12 |    18 ||    64
         Distracted        |       |       |       |     7 |     9 |    13 |     3 ||    32
         Paralysed         |       |       |       |       |    23 |    68 |    25 ||   116
         Invisible         |       |       |       |       |       |     4 |       ||     4
 Armour: Scale mail        |    52 |    73 |    58 |       |       |       |       ||   183
         Gold dragon scale |       |       |   192 |   482 |   549 |   547 |   195 ||  1965
         Skin              |       |       |     3 |       |       |       |       ||     3
  Dodge: Dodged            |    31 |    42 |    65 |   179 |   217 |   250 |    27 ||   811
  Block: Buckler           |    19 |    24 |    64 |    95 |    45 |       |       ||   247
         Kite shield       |       |       |       |       |   187 |   620 |    20 ||   827
         Reflection        |       |       |       |       |       |    30 |    25 ||    55
         Tower shield      |       |       |       |       |       |       |   255 ||   255

Inventory:

Hand Weapons
 a - a +2 battleaxe of electrocution (weapon)
 b - a +5 dire flail of freezing
Armour
 k - a +0 pair of boots (worn)
 x - +6 gold dragon scales (worn)
 z - a +2 pair of gloves (worn)
 G - a +1 cloak of willpower (worn) {Will+}
 L - a +1 kite shield of cold resistance {rC+}
 R - a +1 tower shield of protection (worn)
Jewellery
 c - the ring "Kuced" (left hand) {Str+6 Int+4}

   [ring of strength]

   Str+6:     It affects your strength (+6).
   Int+4:     It affects your intelligence (+4).
 e - an amulet of regeneration
 i - a ring of resist corrosion
 n - the amulet "Ytuviane" {Fragile Will+ Regen+ rCorr Int+6}

   [amulet of regeneration]

   Int+6:     It affects your intelligence (+6).
   Will+:     It increases your willpower.
   Regen+:    It increases your rate of health regeneration.
   rCorr:     It protects you from acid and corrosion.
   Fragile:   It will be destroyed if unequipped.
 t - the ring of Understanding (right hand) {rElec rN+ MP+9 Int+3 Slay-3}

   [ring of magical power]

   Int+3:     It affects your intelligence (+3).
   Slay-3:    It affects your accuracy & damage with ranged weapons and melee
   (-3).
   rElec:     It insulates you from electricity.
   rN+:       It protects you from negative energy.
   MP+9:      It affects your magic capacity (+9).
 B - the amulet "Eddacige" (around neck) {Reflect rC+ Will+ SH+5 Stlth+}

   [amulet of reflection]

   Reflect:   It reflects blocked missile attacks.
   rC+:       It protects you from cold.
   Will+:     It increases your willpower.
   SH+5:      It affects your SH (+5).
   Stlth+:    It makes you more stealthy.
 J - a ring of protection from fire
 K - a ring of fire {rF++ rC-}
Wands
 d - a wand of digging (8)
Scrolls
 f - a scroll of fog
 j - 2 scrolls of summoning
 o - 6 scrolls of enchant weapon
 r - 7 scrolls of identify
 s - a scroll of silence
 y - 3 scrolls of revelation
 F - 3 scrolls of fear
 I - 4 scrolls of noise
 O - 13 scrolls of poison
 Q - 3 scrolls of immolation
Potions
 g - 2 potions of attraction
 h - 6 potions of haste
 m - a potion of might
 p - 5 potions of cancellation
 q - 4 potions of heal wounds
 w - 13 potions of curing
 A - 2 potions of ambrosia
 D - 4 potions of enlightenment
 E - 4 potions of mutation
 M - 4 potions of lignification
Miscellaneous
 u - a condenser vane (inert)
 N - a phantom mirror


You were on level 3 of the Elven Halls.
You worshipped Hepliaklqana.
Hepliaklqana was exalted by your worship.
You visited 6 branches of the dungeon, and saw 30 of its levels.
You also visited: Ossuary and Ice Cave.

You collected 2628 gold pieces.
You spent 2537 gold pieces at shops.

Dungeon Overview and Level Annotations

Branches:
Dungeon (15/15)            Temple (1/1) D:4            Lair (5/5) D:10
  Swamp (0/4) Lair:2        Snake (4/4) Lair:3        Slime (0/5) Lair:4
    Orc (2/2) D:10            Elf (2/3) Orc:2        Vaults (0/5) D:14
 Depths (0/4) D:15        Ossuary (visited)           IceCv (visited)

Altars:
Ashenzari
Cheibriados
Dithmenos
Elyvilon
Fedhas
Gozag
Hepliaklqana
Kikubaaqudgha
Makhleb
Nemelex Xobeh
Okawaru
Qazlal
Ru
Sif Muna
Trog
Uskayaw
Vehumet
Wu Jian
Xom
Yredelemnul
Zin
The Shining One
Jiyva

Shops:
D:1 *   D:3 (   D:6 (   D:9 [   D:14 ?   Orc:2 ?:?[   Elf:2 ?!?   Snake:1 =::
Snake:3 [   Snake:4 ?

Portals:
Trove: D:11 (give +5 demon whip)

Annotations:
D:3 exclusion: oklob plant

.......
.......
e.....e,
,ee...
.e.. #).
#§§##
#§§@#
##§§#
#§..
##..e {
##...,
##e. ###


You could see a deep elf blademaster (unable to see you), 2 deep elf death magi,
2 deep elf sorcerers and 2 deep elf high priests.

Notes
Turn   | Place    | Note
-------+----------+-------------------------------------------
     0 | D:1      | theanonym the Formicid Fighter began the quest for the Orb.
     0 | D:1      | Reached XP level 1. HP: 18/18 MP: 1/1
    23 | D:1      | Found a faded altar of an unknown god.
    83 | D:1      | Got Dispater's Excursus on Apparitions
   196 | D:1      | Reached XP level 2. HP: 24/24 MP: 2/2
   199 | D:1      | Found Ynuo's Assorted Antiques.
   372 | D:1      | Reached XP level 3. HP: 26/30 MP: 3/3
   418 | D:1      | Reached skill level 3 in Axes
  1087 | D:2      | HP: 12/30 [orc wizard/puff of flame (9)]
  1095 | D:2      | HP: 10/30 [orc wizard/puff of flame (5)]
  1099 | D:2      | Reached skill level 4 in Fighting
  1099 | D:2      | Reached XP level 4. HP: 11/37 MP: 4/4
  1467 | D:2      | Noticed Jessica
  1474 | D:2      | Killed Jessica
  1475 | D:2      | Reached skill level 4 in Axes
  1668 | D:2      | Reached XP level 5. HP: 43/43 MP: 5/5
  2175 | D:3      | Found Jeuskif's Antique Weapon Boutique.
  2208 | D:3      | Reached XP level 6. HP: 46/50 MP: 6/6
  2210 | D:3      | Reached skill level 5 in Axes
  2350 | D:3      | Found a blossoming altar of Fedhas.
  2372 | D:3      | Noticed an oklob plant
  2911 | D:4      | Reached skill level 5 in Fighting
  2930 | D:4      | Identified the +4 short sword of Inquiry {pain, rN+ Int+3}
  2953 | D:4      | Found a staircase to the Ecumenical Temple.
  2967 | Temple   | Entered the Ecumenical Temple
  3015 | Temple   | Became a worshipper of Hepliaklqana the Forgotten
  3125 | D:4      | Reached XP level 7. HP: 56/56 MP: 7/7
  3161 | D:4      | Reached skill level 6 in Axes
  3201 | D:4      | Noticed Eustachio
  3220 | D:4      | Killed Eustachio
  3468 | D:4      | Reached skill level 6 in Fighting
  3603 | D:4      | HP: 23/58 [orc priest/nerve-wracking pain (8)]
  3805 | D:4      | Reached XP level 8. HP: 41/64 MP: 8/8
  3959 | D:4      | Found a bloodstained altar of Trog.
  3971 | D:4      | Reached skill level 7 in Axes
  4068 | D:5      | Entered Level 5 of the Dungeon
  4135 | D:5      | HP: 20/64 [ogre/+0 giant spiked club (15)]
  4136 | D:5      | HP: 7/64 [ogre/+0 giant spiked club (13)]
  4183 | D:3      | Bought a runed battleaxe for 247 gold pieces
  4534 | D:5      | Reached skill level 4 in Armour
  4534 | D:5      | Reached skill level 5 in Shields
  4962 | D:5      | Reached * piety under Hepliaklqana
  5019 | D:5      | Noticed Sigmund
  5032 | D:5      | Killed Sigmund
  5033 | D:5      | Reached skill level 8 in Axes
  5425 | D:6      | Noticed Pikel
  5432 | D:6      | Killed Pikel
  5433 | D:6      | Reached skill level 7 in Fighting
  5433 | D:6      | Reached skill level 5 in Armour
  5433 | D:6      | Reached XP level 9. HP: 47/64 MP: 9/9
  5645 | D:6      | Reached skill level 9 in Axes
  5717 | D:6      | Found Vounuihe's Weapon Shoppe.
  5722 | D:6      | Reached ** piety under Hepliaklqana
  5723 | D:6      | Remembered your ancestor Yoba as a hexer
  6018 | D:6      | Found a snail-covered altar of Cheibriados.
  6099 | D:7      | Found a shadowy altar of Dithmenos.
  6141 | D:7      | Noticed Menkaure
  6141 | D:7      | HP: 29/66 [??? (27)]
  6151 | D:7      | HP: 13/66 [Menkaure/nerve-wracking pain (13)]
  6152 | D:7      | Killed Menkaure
  6153 | D:7      | Reached skill level 8 in Fighting
  6153 | D:7      | Reached skill level 6 in Armour
  6176 | D:7      | Noticed Prince Ribbit
  6185 | D:7      | Found a sand-covered staircase.
  6195 | Ossuary  | Entered an ossuary
  6452 | Ossuary  | Reached XP level 10. HP: 65/72 MP: 10/10
  6467 | Ossuary  | Reached skill level 10 in Axes
  6631 | D:7      | Killed Prince Ribbit
  6806 | D:7      | Reached skill level 7 in Armour
  6854 | D:7      | Found a glowing golden altar of the Shining One.
  7086 | D:7      | Reached skill level 9 in Fighting
  7274 | D:8      | Reached skill level 11 in Axes
  7375 | D:8      | Reached *** piety under Hepliaklqana
  7392 | D:8      | Found a broken altar of Ashenzari.
  7459 | D:8      | Reached skill level 8 in Armour
  7459 | D:8      | Reached XP level 11. HP: 69/80 MP: 11/11
  7757 | D:8      | Reached skill level 12 in Axes
  7762 | D:8      | HP: 37/81 [hell hound (6)]
  7767 | D:8      | HP: 37/81 [lava snake/glob of lava (1)]
  7772 | D:8      | HP: 23/81 [lava snake/glob of lava (8)]
  8083 | D:9      | Identified the +0 robe of Syndicalism {Contam Rampage rElec
                  | Slay-5}
  8154 | D:9      | Reached skill level 10 in Fighting
  8236 | D:9      | Noticed Jeremiah
  8255 | D:9      | Killed Jeremiah
  8385 | D:9      | Found Dyaruneb's Antique Armour Shop.
  8806 | D:10     | Entered Level 10 of the Dungeon
  9147 | D:10     | Reached skill level 9 in Armour
  9446 | D:10     | Found a staircase to the Orcish Mines.
  9677 | D:10     | Reached skill level 13 in Axes
  9806 | D:10     | Noticed Erolcha
  9874 | D:13     | Identified the "Vaat"
  9874 | Orc:1    | Entered Level 1 of the Orcish Mines
 10285 | Orc:1    | Reached **** piety under Hepliaklqana
 10539 | Orc:1    | Noticed an orc sorcerer
 10553 | Orc:1    | Killed an orc sorcerer
 10713 | Orc:2    | Entered Level 2 of the Orcish Mines
 10719 | Orc:2    | Reached XP level 12. HP: 88/89 MP: 12/12
 10726 | Orc:2    | Noticed an ettin
 10739 | Orc:1    | HP: 44/89 [ettin/+0 dire flail (18)]
 10744 | Orc:1    | HP: 42/89 [orc/+0 dagger (1)]
 10913 | D:10     | Found a staircase to the Lair.
 10954 | D:10     | Killed Erolcha
 11391 | Lair:1   | Entered Level 1 of the Lair of Beasts
 11391 | Lair:1   | Found a broken altar of Ashenzari.
 11421 | Lair:1   | Reached skill level 11 in Fighting
 11578 | Lair:1   | Noticed a catoblepas
 11585 | Lair:1   | Killed a catoblepas
 11586 | Lair:1   | Reached skill level 10 in Armour
 11633 | Lair:1   | Reached skill level 14 in Axes
 12727 | Lair:2   | Reached ***** piety under Hepliaklqana
 12756 | Lair:2   | Found a staircase to the Swamp.
 12802 | Lair:2   | Reached skill level 12 in Fighting
 12809 | Lair:2   | Reached XP level 13. HP: 62/97 MP: 13/13
 12814 | Lair:2   | Reached skill level 11 in Armour
 12950 | Lair:2   | Reached skill level 15 in Axes
 14103 | Lair:3   | Noticed a six-headed hydra
 14103 | Lair:3   | Noticed a catoblepas
 14123 | Lair:3   | Killed a six-headed hydra
 14128 | Lair:3   | Killed a catoblepas
 14890 | Lair:3   | Found a staircase to the Snake Pit.
 15026 | Lair:4   | Found a staircase to the Slime Pits.
 15027 | Lair:4   | Found a viscous altar of Jiyva.
 15147 | Lair:4   | Reached skill level 16 in Axes
 15225 | Lair:4   | Reached skill level 13 in Fighting
 15225 | Lair:4   | Reached skill level 12 in Armour
 15553 | Lair:4   | Reached XP level 14. HP: 79/106 MP: 14/14
 16238 | Lair:5   | Entered Level 5 of the Lair of Beasts
 16377 | Lair:5   | HP: 50/106 [black mamba (6)]
 16382 | Lair:5   | HP: 43/106 [death yak (6)]
 16388 | Lair:5   | Reached skill level 17 in Axes
 16392 | Lair:5   | HP: 40/107 [death yak (7)]
 16396 | Lair:5   | Found a frozen archway.
 16403 | IceCv    | Entered an ice cave
 16754 | IceCv    | HP: 41/107 [large slime creature (23)]
 16756 | IceCv    | HP: 18/107 [large slime creature (4)]
 16758 | IceCv    | HP: 7/107 [large slime creature (14)]
 17000 | IceCv    | Noticed a quicksilver ooze
 17005 | IceCv    | Killed a quicksilver ooze
 17022 | IceCv    | Reached skill level 13 in Armour
 17060 | IceCv    | Noticed a quicksilver ooze
 17070 | IceCv    | Killed a quicksilver ooze
 17176 | IceCv    | Found a viscous altar of Jiyva.
 17176 | IceCv    | Noticed an azure jelly
 17185 | IceCv    | Killed an azure jelly
 17266 | IceCv    | Identified the ring "Kuced" {Str+6 Int+4}
 17371 | IceCv    | Reached skill level 14 in Fighting
 17458 | Lair:4   | Reached skill level 6 in Shields
 17700 | Lair:4   | HP: 51/108 [sea snake (11)]
 17705 | Lair:4   | HP: 40/108 [sea snake (10)]
 17984 | Lair:4   | Reached XP level 15. HP: 113/113 MP: 15/15
 18038 | Lair:5   | Reached skill level 7 in Shields
 18263 | Lair:5   | Reached skill level 18 in Axes
 18646 | Lair:5   | Reached skill level 8 in Shields
 18777 | Lair:5   | Identified the staff of Massacring {rF- rN++ Will+ Earth}
 19016 | Lair:5   | Identified a scroll of acquirement
 19017 | Lair:5   | Acquired the ring of Understanding {rElec rN+ MP+9 Int+3
                  | Slay-3}
 19477 | Orc:2    | Found a staircase to the Elven Halls.
 19860 | Orc:2    | Found Okhluwk's Magic Scroll Boutique.
 19896 | Orc:2    | Bought a scroll of identify for 34 gold pieces
 19896 | Orc:2    | Bought a scroll of identify for 34 gold pieces
 19909 | Orc:2    | Found an ancient bone altar of Kikubaaqudgha.
 19917 | Orc:2    | Reached skill level 14 in Armour
 19931 | Orc:2    | Found Cistry's Book Boutique.
 20013 | Orc:2    | Found Qutz's Magic Scroll Shop.
 20038 | Orc:2    | Found a radiant altar of Vehumet.
 20064 | Orc:2    | Learned a level 2 spell: Lesser Beckoning
 20083 | Orc:2    | Found Sufaamp's Antique Armour Shop.
 20207 | Orc:2    | Bought a pair of glowing gloves for 232 gold pieces
 20501 | D:11     | Found a portal to a secret trove of treasure.
 20640 | D:11     | Reached skill level 15 in Fighting
 20801 | D:11     | Reached skill level 9 in Shields
 20854 | D:11     | Reached ****** piety under Hepliaklqana
 21873 | D:13     | Noticed Snorg
 21882 | D:13     | Killed Snorg
 21997 | D:13     | Reached XP level 16. HP: 92/122 MP: 16/16
 22194 | D:13     | Noticed Josephine
 22202 | D:13     | Killed Josephine
 22468 | D:13     | Found a sparkling altar of Nemelex Xobeh.
 22826 | D:14     | Noticed Anay's ghost (journeyman FoFi)
 22826 | D:14     | Noticed Jorgrun
 22827 | D:14     | Found a transporter.
 22832 | D:14     | Identified the +1 great mace of the Eternal Void {flame,
                  | rF+ Str+4}
 22832 | D:14     | Noticed a fire giant
 22833 | D:14     | Noticed a fire giant
 22838 | D:14     | Killed Jorgrun
 22839 | D:14     | Reached skill level 19 in Axes
 22955 | D:14     | Found a transporter.
 23027 | D:14     | HP: 49/122 [skeletal warrior/+0 dire flail (18)]
 23034 | D:14     | Reached skill level 10 in Shields
 23586 | D:14     | Noticed Rupert
 23602 | D:14     | Killed Rupert
 23914 | D:14     | Found Noqaipi's Magic Scroll Shoppe.
 24023 | D:14     | Bought a scroll of enchant armour for 90 gold pieces
 24228 | D:14     | Found a gate to the Vaults.
 24299 | D:14     | Killed a fire giant
 24302 | D:14     | HP: 61/123 [fire giant/+1 great mace of flaming (1)]
 24304 | D:14     | Killed a fire giant
 24307 | D:14     | HP: 57/123 [Anay's ghost (5)]
 24309 | D:14     | Killed Anay's ghost
 24534 | D:15     | Entered Level 15 of the Dungeon
 24563 | D:15     | Reached skill level 15 in Armour
 24603 | D:13     | Reached skill level 11 in Shields
 24834 | D:15     | Found the +11 plutonium sword {Contam Stlth-}
 24916 | D:15     | Found a sacrificial altar of Ru.
 25016 | D:15     | Reached XP level 17. HP: 129/129 MP: 17/17
 25019 | D:15     | Reached skill level 16 in Fighting
 25079 | D:15     | Reached skill level 20 in Axes
 25324 | D:15     | Found a hazy altar of Hepliaklqana.
 25604 | D:15     | Found a staircase to the Depths.
 26396 | Snake:1  | Entered Level 1 of the Snake Pit
 26400 | Snake:1  | Found a shimmering altar of Xom.
 26413 | Snake:1  | Reached skill level 12 in Shields
 26865 | Snake:1  | Found Nyczint's Book Boutique.
 26867 | Snake:1  | Found Geekah's Jewellery Emporium.
 26868 | Snake:1  | Found Biammyibbu's Book Boutique.
 26876 | Snake:1  | Bought an amulet of regeneration for 540 gold pieces
 27191 | Snake:1  | Reached skill level 16 in Armour
 27419 | Snake:1  | Noticed Nikola
 27426 | Snake:1  | HP: 39/131 [Nikola/arc of chain lightning (31)]
 27433 | Snake:1  | Killed Nikola
 27433 | Snake:1  | HP: 43/131 [black mamba (2)]
 27434 | Snake:1  | Reached skill level 13 in Shields
 27439 | Snake:1  | HP: 48/131 [poisoned by a naga mage (splash of poison)]
 27447 | Snake:1  | HP: 52/131 [poisoned by a naga mage (splash of poison)]
 27452 | Snake:1  | HP: 48/131 [poisoned by a naga mage (splash of poison)]
 27478 | Snake:1  | HP: 65/131 [naga sharpshooter/bolt (9)]
 27621 | Snake:1  | Identified the serpent talisman of Pihy {Int+5}
 27621 | Snake:1  | Noticed Aizul
 27635 | Snake:1  | HP: 62/131 [Aizul/poison arrow (17)]
 27640 | Snake:1  | Killed Aizul
 27640 | Snake:1  | HP: 49/131 [poisoned by Aizul (poison arrow)]
 27645 | Snake:1  | HP: 48/131 [poisoned by Aizul (poison arrow)]
 28102 | Snake:2  | Reached skill level 17 in Fighting
 28392 | Snake:2  | Identified the amulet "Eddacige" {Reflect rC+ Will+ SH+5
                  | Stlth+}
 28473 | Snake:2  | Reached XP level 18. HP: 111/139 MP: 18/18
 28596 | Snake:2  | Reached skill level 14 in Shields
 29226 | Snake:2  | Found a broken altar of Ashenzari.
 29788 | Snake:3  | Reached skill level 17 in Armour
 30220 | Snake:3  | Reached skill level 15 in Shields
 30296 | Snake:3  | Found Fovekoeff's Armour Shoppe.
 30333 | Snake:3  | Reached skill level 18 in Fighting
 30579 | Snake:4  | Entered Level 4 of the Snake Pit
 30697 | Snake:4  | Found a huge runed translucent gate.
 30697 | Snake:4  | Found a huge runed translucent gate.
 30816 | Snake:4  | Found Sym Agra's Magic Scroll Shop.
 31006 | Snake:4  | Identified the serpent talisman of Hyferil {*Corrode rF++
                  | Str+4 Stlth+}
 31168 | Snake:4  | Found a huge runed translucent gate.
 31183 | Snake:4  | Found a huge runed translucent gate.
 31183 | Snake:4  | Found a huge runed translucent gate.
 32059 | Snake:4  | Reached skill level 16 in Shields
 32059 | Snake:4  | Reached XP level 19. HP: 112/147 MP: 19/19
 32107 | Snake:4  | Reached skill level 18 in Armour
 32112 | Snake:4  | Noticed Vashnia
 32290 | Snake:4  | Killed Vashnia
 32628 | Snake:4  | Got a serpentine rune of Zot
 33220 | Vaults:5 | Identified the of Memufos
 33220 | Depths:2 | Identified the of Xunosu Qoar
 33220 | Elf:1    | Entered Level 1 of the Elven Halls
 33233 | Elf:1    | Noticed a Tzitzimitl
 33243 | Elf:1    | HP: 72/148 [deep elf zephyrmancer/bolt of lightning (5)]
 33248 | Elf:1    | Reached skill level 19 in Fighting
 33436 | Elf:1    | Identified the +1 war axe "Fioheil" {venom, Drain rPois
                  | rN++ Dex+2}
 33561 | Elf:1    | Reached skill level 17 in Shields
 33629 | Elf:1    | HP: 51/149 [deep elf sorcerer/bolt of acid (43)]
 34319 | Snake:1  | Bought a manual of Shields for 1360 gold pieces
 34953 | Elf:2    | Found Umoojuvej's Magic Scroll Shoppe.
 34955 | Elf:2    | Found Ihou's Distillery.
 34958 | Elf:2    | Found Burod's Magic Scroll Shoppe.
 35271 | Elf:1    | Noticed an Ice Fiend
 35283 | Elf:1    | Reached skill level 18 in Shields
 35543 | Elf:1    | Identified the amulet "Ytuviane" {Fragile Will+ Regen+
                  | rCorr Int+6}
 36083 | Elf:2    | Reached skill level 19 in Armour
 36083 | Elf:2    | Reached XP level 20. HP: 157/158 MP: 20/20
 36110 | Elf:2    | Noticed Agnes
 36119 | Elf:2    | Killed Agnes
 36160 | Elf:2    | Found a runed translucent gate.
 36160 | Elf:2    | Found a runed translucent gate.
 36160 | Elf:2    | Found a runed translucent gate.
 36457 | Elf:2    | Reached skill level 19 in Shields
 36521 | Elf:2    | HP: 79/158 [poisoned by a +0 trident of venom]
 36526 | Elf:2    | HP: 64/158 [poisoned by a +0 trident of venom]
 36531 | Elf:2    | HP: 61/158 [poisoned by a +0 trident of venom]
 36547 | Elf:2    | HP: 54/158 [+3 trident of venom (12)]
 36550 | Elf:2    | HP: 6/158 [+2 spectral triple sword[a +2 spectral triple
                  | sword] (25)]
 36554 | Elf:2    | You fall into a shaft and drop 1 floor!
 36554 | Elf:3    | Identified the "Ivyerhe"
 36554 | Elf:3    | Identified the "Huif"
 36554 | Elf:3    | Entered Level 3 of the Elven Halls
 36555 | Elf:3    | HP: 3/158 [poisoned by a +3 trident of venom]
 36558 | Elf:3    | Killed from afar by a deep elf high priest

Vanquished Creatures
  Vashnia (Snake:4)
  Nikola (Snake:1)
  Jorgrun (D:14)
  Rupert (D:14)
  A deep elf master archer (Elf:3)
  Agnes (Elf:2)
  Aizul (Snake:1)
  An azure jelly (IceCv)
  2 nagarajas (Snake:4)
  2 fire giants (D:14)
  2 deep elf sorcerers (Elf:1)
  A deep elf elementalist (Elf:2)
  2 quicksilver oozes (IceCv)
  The ghost of Anay the Bludgeoner, a journeyman FoFi of Zin (D:14)
  2 deep elf demonologists (Elf:1)
  An ettin (D:14)
  Snorg (D:13)
  Josephine (D:13)
  2 fire dragons (D:15)
  A vault guard (D:14)
  5 hydras
  An ogre mage (D:13)
  A merfolk avatar (Lair:5)
  3 catoblepae
  A salamander tyrant (Snake:4)
  18 anacondas
  2 boulder beetles (D:15)
  8 two-headed ogres
  3 centaur warriors
  6 naga warriors
  15 death yaks
  14 dancing weapons
  6 shock serpents
  2 tengu warriors
  10 naga sharpshooters
  4 deep elf knights
  3 salamander mystics
  A skyshark (Lair:4)
  7 skeletal warriors
  6 sea snakes
  6 naga ritualists
  5 deep elf archers
  2 arcanists
  Pikel (D:6)
  2 orc knights
  15 deep elf pyromancers
  17 mana vipers
  A mana viper (shapeshifter) (Elf:1)
  12 ugly things
  17 deep elf zephyrmancers
  A manticore (shapeshifter) (D:14)
  7 orc sorcerers
  7 cyclopes
  12 salamanders
  6 manticores
  6 guardian serpents (Snake:4)
  15 naga magi
  10 elephants
  2 ice statues (IceCv)
  45 black mambas
  A gargoyle (D:13)
  2 rust devils
  An unseen horror (D:11)
  11 cane toads
  An efreet (D:15)
  A torpor snail (Lair:5)
  A yaktaur (D:13)
  4 rime drakes
  4 komodo dragons
  Jeremiah (D:9)
  2 tengu conjurers (D:15)
  4 polar bears
  6 trolls
  5 meliai
  5 hornets
  Prince Ribbit (D:7)
  18 blink frogs
  Sigmund (D:5)
  A dream sheep (Lair:4)
  5 air elementals
  A shadow (D:12)
  A water elemental (Elf:2)
  4 fire bats (D:8)
  6 slime creatures
  A spriggan (shapeshifter) (D:15)
  7 wraiths
  A vampire (D:10)
  39 yaks
  7 wyverns
  3 fire elementals
  Eustachio (D:4)
  3 basilisks
  2 steam dragons
  12 vampire mosquitoes
  Menkaure (D:7)
  2 wargs (Orc:2)
  40 nagas
  A great orb of eyes simulacrum (IceCv)
  An acid dragon (D:13)
  8 water moccasins
  2 black bears (Lair:3)
  7 orc warriors
  2 ice beasts
  A sky beast (D:7)
  2 ogres
  2 centaurs
  5 boggarts
  8 wolves
  A lemure (D:6)
  A phantom (D:4)
  6 slime creature simulacra (IceCv)
  2 kobold brigands (D:8)
  2 elf zombies (Ossuary)
  11 bullfrogs
  3 scorpions
  2 glowing shapeshifter simulacra (IceCv)
  3 earth elementals
  5 wights
  8 killer bees
  2 electric eels
  3 hexers
  A howler monkey (D:4)
  2 lava snakes (D:8)
  A centaur zombie (Ossuary)
  11 hounds
  14 orc priests
  A gnoll bouda (D:6)
  A jelly (D:4)
  Jessica (D:2)
  5 iguanas
  2 sleepcaps (D:6)
  28 orc wizards
  5 shapeshifter simulacra (IceCv)
  2 mummies (Ossuary)
  3 gnolls (D:6)
  5 adders
  2 ufetubi (D:5)
  3 worms
  5 dart slugs
  70 orcs
  6 bats
  5 endoplasms
  4 giant cockroaches
  7 hobgoblins
  3 jackals (D:2)
  11 kobolds
  2 quokkas
  8 ball pythons
  4 frilled lizards
  4 goblins
  2 goblin zombies (Ossuary)
  11 hobgoblin zombies
  10 kobold zombies (Ossuary)
  5 orc zombies (Ossuary)
  8 rats
  A rat zombie (Ossuary)
878 creatures vanquished.

Vanquished Creatures (collateral kills)
  3 nagarajas (Snake:4)
  An ettin (Orc:1)
  2 ogre magi (Orc:2)
  A vault guard (D:14)
  A hydra (D:15)
  Erolcha (D:10)
  A boulder beetle (D:14)
  7 dancing weapons (Elf:2)
  2 anacondas (Snake:3)
  4 naga warriors
  An ironbound frostheart (D:14)
  2 death yaks
  5 naga sharpshooters
  An occultist (Elf:1)
  A shock serpent (Snake:3)
  2 deep elf knights (Elf:2)
  A skyshark (Lair:4)
  A sea snake (Lair:4)
  2 naga ritualists
  6 deep elf pyromancers
  2 orc sorcerers (Orc:2)
  7 deep elf zephyrmancers
  2 manticores (D:14)
  2 ugly things
  2 mana vipers
  4 salamanders
  8 black mambas
  An ice statue (IceCv)
  8 naga magi
  2 cane toads
  A yaktaur (D:15)
  A meliai (D:15)
  2 polar bears (Lair:1)
  A wind drake (Lair:5)
  A snapping turtle (Lair:5)
  4 blink frogs
  2 hornets
  A dream sheep (Lair:4)
  A slime creature (IceCv)
  2 air elementals (Elf:2)
  A water elemental (Elf:2)
  A fire elemental (Elf:2)
  6 yaks
  3 basilisks
  3 vampire mosquitoes
  A steam dragon (D:7)
  A warg (Orc:2)
  14 nagas
  A water moccasin (Lair:4)
  A hell hound (D:8)
  A great orb of eyes simulacrum (IceCv)
  2 orc warriors
  An ice beast (D:7)
  6 wolves
  A centaur (D:10)
  A kobold brigand (D:7)
  2 elf zombies (Ossuary)
  2 bullfrogs
  A glowing shapeshifter simulacrum (IceCv)
  2 wights
  A killer bee (D:10)
  A howler monkey (D:6)
  4 electric eels
  2 hounds
  An orc priest (D:9)
  8 orc wizards
  2 shapeshifter simulacra (IceCv)
  6 orcs
  A hobgoblin zombie (Ossuary)
  3 kobolds (D:8)
  2 kobold zombies (Ossuary)
181 creatures vanquished.

Vanquished Creatures (others)
  A deep elf high priest (Elf:3)
  A deep elf knight (Elf:1)
  A guardian serpent (Snake:4)
  A water elemental (Elf:2)
  A naga (Snake:1)
  A wight (D:7)
  15 hexers
  An orc wizard (Orc:2)
22 creatures vanquished.

Grand Total: 1081 creatures vanquished

Table legend: (Time is in decaauts)
 A = Elapsed time spent in this place.
 B = Non-inter-level travel time spent in this place.
 C = Inter-level travel time spent in this place.
 D = Time resting spent in this place.
 E = Time spent auto-exploring this place.
 F = Levels seen in this place.
 G = Mean time per level.
                   A        B        C        D        E       F      G
               +--------+--------+--------+--------+--------+-----+--------+
         Total |  36504 |  33334 |   3170 |   4356 |  22782 |  32 | 1140.8 |
       Dungeon |  16285 |  14965 |   1320 |   1777 |  10737 |  15 | 1085.7 |
        Temple |     85 |     13 |     72 |      0 |     11 |   1 |   85.0 |
          Lair |   7077 |   6366 |    711 |    599 |   4657 |   5 | 1415.4 |
     Snake Pit |   6673 |   6059 |    614 |    574 |   4227 |   4 | 1668.2 |
  Orcish Mines |   2122 |   1766 |    356 |    183 |   1163 |   2 | 1061.0 |
   Elven Halls |   2804 |   2707 |     97 |    461 |   1665 |   3 |  934.7 |
       Ossuary |    443 |    443 |      0 |    180 |    128 |   1 |  443.0 |
      Ice Cave |   1012 |   1012 |      0 |    582 |    192 |   1 | 1012.0 |
               +--------+--------+--------+--------+--------+-----+--------+

Top non-repeatable levels by time:
 Snake:4: 2095 daAuts
 Snake:1: 1927 daAuts
  Lair:4: 1892 daAuts
    D:14: 1740 daAuts
   Elf:1: 1731 daAuts
    D:10: 1675 daAuts
 Snake:2: 1417 daAuts
    D:15: 1408 daAuts
  Lair:1: 1365 daAuts
  Lair:2: 1319 daAuts
  Lair:3: 1262 daAuts
     D:4: 1259 daAuts
  Lair:5: 1237 daAuts
 Snake:3: 1233 daAuts
    D:13: 1149 daAuts
